 Dungeon Crawl Stone Soup version 0.28.0-53-g5a82cb258f (webtiles) character file.

Game seed: 12839135075155640899

64850 Qrupt the Thaumaturge (level 14, 0/87 (90) HPs)
             Began as a Demonspawn Fire Elementalist on July 18, 2022.
             Was an Elder of Sif Muna.
             Killed by drain life
             ... invoked by a soul eater
             ... summoned by Frances
              (19 damage)
             ... on level 12 of the Dungeon on July 23, 2022.
             The game lasted 01:37:12 (33262 turns).

Qrupt the Thaumaturge (DsFE)                       Turns: 33262, Time: 01:37:13

HP:   0/87 (90)     AC: 14    Str:  9    XL:     14   Next: 73%
MP:   19/35         EV: 17    Int: 21    God:    Sif Muna [****..]
Gold: 1295          SH: 11    Dex: 20    Spells: 17/40 levels left

rFire   + . .      SeeInvis .   l - +0 demon whip (spect)
rCold   + . .      Faith    .   V - +0 buckler
rNeg    . . .      Spirit   .   Q - +2 leather armour {rF+}
rPois   .          Reflect  +   N - +1 hat
rElec   .          Harm     .   D - +0 cloak {Will+}
rCorr   .          Rampage  .   p - +2 pair of gloves
Will    ++...                   (boots unavailable)
Stlth   ++........              x - amulet of Day {Reflect rC+ SH+5}
HPRegen 0.24/turn               t - +6 ring of dexterity
MPRegen 0.24/turn               a - +4 ring of evasion

@: lightly drained
A: hooves 3, yellow scales 2, ignite blood 1, spiny 2, frail 1, high MP 1, wild
magic 1
a: Renounce Religion, Channel Magic, Forget Spell, Divine Exegesis


You were on level 12 of the Dungeon.
You worshipped Sif Muna.
Sif Muna was greatly pleased with you.
You visited 3 branches of the dungeon, and saw 19 of its levels.

You collected 1325 gold pieces.
You spent 30 gold pieces at shops.

Inventory:

Hand Weapons
 l - a +0 spectral demon whip (weapon)
Missiles
 G - a throwing net
Armour
 p - a +2 pair of gloves (worn)
 D - a +0 cloak of willpower (worn)
 H - an orb of light
 N - a +1 hat (worn)
 Q - a +2 leather armour of fire resistance (worn)
 V - a +0 buckler (worn)
Magical Staves
 q - a staff of death
Jewellery
 a - a +4 ring of evasion (right hand)
 h - an amulet of faith
 j - a ring of flight
 t - a +6 ring of dexterity (left hand)
 x - the amulet of Day (around neck) {Reflect rC+ SH+5}
   (You found it on level 5 of the Dungeon)

   [amulet of reflection]

   It reflects blocked missile attacks.
   rC:        It protects you from cold.
   SH:        It affects your SH (+5).
 B - a ring of willpower
Wands
 g - a wand of digging (9)
 o - a wand of flame (22)
 v - a wand of polymorph (15)
 K - a wand of paralysis (9)
 L - a wand of charming (8)
 R - a wand of mindburst (11)
Scrolls
 b - 2 scrolls of amnesia {unknown}
 e - 2 scrolls of fog
 f - 4 scrolls of magic mapping
 n - a scroll of teleportation
 s - 7 scrolls of enchant armour
 w - 3 scrolls of immolation
 y - 2 scrolls of vulnerability {unknown}
 A - 2 scrolls of identify
 E - 2 scrolls of torment
 M - 3 scrolls of blinking
 P - a scroll of silence
 S - a scroll of fear
 T - a scroll of enchant weapon {unknown}
 U - a scroll of summoning
Potions
 c - 5 potions of brilliance
 d - 2 potions of might
 i - 4 potions of flight
 k - a potion of haste
 m - 5 potions of heal wounds {unknown}
 r - 3 potions of cancellation
 u - 3 potions of lignification
 z - 2 potions of magic
 C - a potion of resistance
 F - 4 potions of curing
 J - 5 potions of ambrosia


   Skills:
 - Level 6.0 Fighting
 - Level 5.0 Armour
 - Level 4.0 Dodging
 - Level 1.7 Stealth
 - Level 4.0 Shields
 - Level 0.1 Unarmed Combat
 + Level 13.9 Spellcasting
 + Level 7.2 Conjurations
 - Level 9.5 Summonings
 - Level 10.8 Fire Magic
 + Level 10.0 Air Magic
 - Level 0.9 Evocations


You had 17 spell levels left.
You knew the following spells:

 Your Spells              Type           Power      Damage    Failure   Level
a - Foxfire               Conj/Fire      100%       2x1d9     1%          1
b - Scorch                Fire           100%       2d10      1%          2
c - Flame Wave            Conj/Fire      62%        2d12      3%          4
d - Airstrike             Air            32%        N/A       2%          4
e - Summon Lightning Spi  Summ/Air       64%        N/A       2%          4
f - Swiftness             Air            65%        N/A       1%          3
g - Lightning Bolt        Conj/Air       30%        1d47      10%         5

Your spell library contained the following spells:

 Spells                   Type           Power      Damage    Failure   Level
 Shock                    Conj/Air       100%       1d9       1%          1
 Conjure Flame            Conj/Fire      62%        6-21      1%          3
 Inner Flame              Hex/Fire       48%        N/A       4%          3
 Apportation              Tloc           36%        N/A       12%         1
 Gell's Gravitas          Tloc           18%        N/A       30%         3
 Tukima's Dance           Hex            18%        N/A       30%         3
 Passage of Golubria      Tloc           18%        N/A       67%         4
 Manifold Assault         Tloc           18%        N/A       95%         5
 Yara's Violent Unravell  Hex/Tmut       9%         3d6       95%         5
 Storm Form               Tmut/Air       23%        N/A       100%        7
 Maxwell's Capacitive Co  Air            32%        ∞         100%        8


Dungeon Overview and Level Annotations

Branches:
Dungeon (12/15)            Temple (1/1) D:7            Lair (6/6) D:8
 Shoals (0/4) Lair:3        Snake (0/4) Lair:3        Slime (0/5) Lair:5
    Orc (0/2) D:12

Altars:
Ashenzari
Cheibriados
Dithmenos
Elyvilon
Fedhas
Gozag
Hepliaklqana
Kikubaaqudgha
Makhleb
Nemelex Xobeh
Okawaru
Qazlal
Ru
Sif Muna
Trog
Uskayaw
Vehumet
Wu Jian
Xom
Yredelemnul
Zin
The Shining One

Shops:
D:10 !(=

Annotations:
D:11 Urug
D:12 Frances; Rupert
Lair:1 1 runed translucent door, Kautumes's ghost, journeyman GrBe


Innate Abilities, Weirdness & Mutations

You have hooves in place of feet.
You are mostly covered in yellow scales. (AC +3)
Your demonic aura sometimes causes spilled blood to erupt in flames.
You are mostly covered in sharp spines.
You are frail. (-10% HP)
You have an increased reservoir of magic. (+10% MP)
Your spells are a little harder to cast, but a little more powerful.


Message History

Okay, then.
Casting: Flame Wave (dangerous; 3% risk of failure)
Confirm with . or Enter, or press ? or * to list all spells.
Flames lash the soul eater but do no damage.
Frances misses you.
The soul eater draws from the surrounding life force!
The soul eater is healed.
Unknown command.
You hit Frances but do no damage.
Frances is severely wounded.
Frances is struck by your spines. Frances misses you.
You block the soul eater's attack.
Unknown command.
You hit Frances but do no damage.
Frances is severely wounded.
Frances whispers indecipherable words.
Frances seems to speed up.
The soul eater hits you!
You feel drained.
Unknown command.
You barely miss Frances.
Frances is severely wounded.
Frances is struck by your spines. Frances hits you with a +0 short sword!
* * * LOW HITPOINT WARNING * * *
Frances hits you with a +0 short sword!
* * * LOW HITPOINT WARNING * * *
You block the soul eater's attack.
Okay, then.
Blink to where?
Press: ? - help, Dir - move target, p - centaur
As you read the scroll of blinking, it crumbles to dust.
The soul eater hits your lightning spire!
Something hits your lightning spire! Something hits your lightning spire!
There is an open door here.
There is an open door here.
You close the door.
Frances opens the door.
Frances chants phrases taken from a devil's mouth.
You feel better.
The soul eater draws from the surrounding life force!
You die...

........#.#.#.#
....###.'.#@#.# .####
###...#.# .# ###'###
.# #.# .# ##'### .#
#....# ######### .#
#....###### #.......#
.#
#....'.@..###.......#
.#
#....####..@'4......#
.# #....#
#####3......# .#
#....# #.......# (#
#....# #.......# ,*
#....# #...3...# ,*
######....# ####'####
,* #.......### #.#
,*###.####.#####
####.#


You could see Frances (fast), a soul eater (summoned) and a chaos spawn
(summoned).

Vanquished Creatures
  Gastronok (Lair:2)
  Kirke (Lair:5)
  6 hydras
  Erolcha (D:11)
  Harold (D:9)
  2 catoblepae (Lair:2)
  4 death yaks
  The ghost of Gabide the Tainter, a novice DgVM (D:10)
  2 skeletal warriors (D:11)
  2 ugly things
  2 cyclopes (D:11)
  2 black mambas
  8 elephants
  A torpor snail (Lair:6)
  A merfolk siren (Lair:3)
  A gargoyle (D:12)
  A molten gargoyle (Lair:6)
  5 cane toads
  A rime drake (Lair:3)
  6 komodo dragons
  A queen bee (D:10)
  A polar bear (Lair:2)
  6 blink frogs
  3 dream sheep (Lair:6)
  A shadow (D:9)
  4 wraiths
  2 vampires
  3 hogs (Lair:5)
  3 wyverns
  38 yaks
  2 steam dragons
  Grum (D:9)
  2 basilisks
  Menkaure (D:5)
  An acid dragon (D:10)
  8 water moccasins
  An orc warrior (D:7)
  A black bear (D:8)
  An ice beast (D:8)
  A sky beast (D:4)
  5 ogres
  A necrophage (D:6)
  4 centaurs
  10 wolves
  2 phantoms
  Blork the orc (D:6)
  A kobold brigand (D:8)
  7 bullfrogs
  2 scorpions
  A wyvern zombie (D:6)
  A wyvern skeleton (D:7)
  33 killer bees
  8 wights
  3 electric eels
  7 howler monkeys
  A bullfrog zombie (D:6)
  2 centaur zombies
  5 hounds
  A centaur skeleton (D:7)
  2 bullfrog skeletons
  An orc priest (D:6)
  A gnoll shaman (D:10)
  A jelly (D:6)
  Ijyb (D:5)
  2 orc wizards
  A killer bee zombie (D:7)
  A howler monkey zombie (D:10)
  13 gnolls
  7 adders
  A white imp (D:7)
  3 dart slugs (D:1)
  18 orcs
  9 endoplasms
  3 giant cockroaches
  7 hobgoblins
  3 jackals (D:1)
  12 kobolds
  2 quokkas (D:2)
  7 ball pythons
  2 bats
  6 frilled lizards
  6 goblins
  2 rats (D:2)
  A bush (Lair:2)
  A butterfly (Lair:3)
338 creatures vanquished.

Vanquished Creatures (collateral kills)
  A fire dragon (Lair:6)
  A hydra (Lair:2)
  A boulder beetle (Lair:6)
  2 catoblepae (Lair:6)
  9 death yaks
  3 lindwurms
  An oklob plant (Lair:2)
  12 elephants
  A black mamba (Lair:6)
  2 molten gargoyles (Lair:6)
  A torpor snail (Lair:4)
  A kobold demonologist (D:12)
  A rime drake (Lair:6)
  7 cane toads
  A komodo dragon (Lair:6)
  3 blink frogs
  2 dream sheep (Lair:6)
  28 yaks
  5 wyverns
  4 basilisks
  3 hogs (Lair:5)
  2 steam dragons (Lair:6)
  A naga (Lair:3)
  3 hell hounds (Lair:6)
  3 water moccasins
  6 wolves
  5 lava snakes (Lair:6)
  4 orcs (D:12)
  10 foxfires
123 creatures vanquished.

Vanquished Creatures (others)
  A torpor snail (Lair:2)
  A human (D:8)
  A bullfrog (Lair:2)
  5 bushes
  901 foxfires
  64 fungi
  148 plants
  4 withered plants
1125 creatures vanquished.

Grand Total: 1586 creatures vanquished

Notes
Turn   | Place    | Note
-------+----------+-------------------------------------------
     0 | D:1      | Qrupt the Demonspawn Fire Elementalist began the quest for
                  | the Orb.
     0 | D:1      | Reached XP level 1. HP: 13/13 MP: 3/3
   282 | D:1      | Gained mutation: You have large cloven feet. [demonic
                  | ancestry]
   282 | D:1      | Reached XP level 2. HP: 19/19 MP: 1/5
  1043 | D:1      | Gained mutation: You have hoof-like feet. [demonic
                  | ancestry]
  1043 | D:1      | Reached XP level 3. HP: 24/24 MP: 2/6
  1273 | D:2      | Learned a level 2 spell: Scorch
  1642 | D:2      | Reached XP level 4. HP: 30/30 MP: 4/7
  1889 | D:2      | Got the Handbook of Displacement
  2161 | D:3      | Found a burning altar of Makhleb.
  2298 | D:3      | Found a faded altar of an unknown god.
  2605 | D:3      | Reached skill level 3 in Spellcasting
  2619 | D:3      | Gained mutation: You are partially covered in yellow
                  | scales. (AC +2) [demonic ancestry]
  2619 | D:3      | Reached XP level 5. HP: 11/35 MP: 0/9
  3541 | D:4      | Gained mutation: Your demonic aura sometimes causes spilled
                  | blood to erupt in flames. [demonic ancestry]
  3541 | D:4      | Reached XP level 6. HP: 24/40 MP: 4/11
  3973 | D:4      | Reached skill level 5 in Fire Magic
  3975 | D:4      | Noticed a sky beast
  4037 | D:4      | Killed a sky beast
  4038 | D:4      | Reached skill level 4 in Spellcasting
  4305 | D:4      | Found a radiant altar of Vehumet.
  4548 | D:4      | Found a sparkling altar of Nemelex Xobeh.
  4914 | D:4      | Found a basalt altar of Yredelemnul.
  5046 | D:4      | Gained mutation: You are partially covered in sharp spines.
                  | [demonic ancestry]
  5046 | D:4      | Reached XP level 7. HP: 47/47 MP: 5/13
  5186 | D:5      | Entered Level 5 of the Dungeon
  5491 | D:5      | Noticed Ijyb
  5509 | D:5      | Killed Ijyb
  5678 | D:5      | Found a broken altar of Ashenzari.
  5721 | D:5      | Found an ornate altar of the Wu Jian Council.
  5757 | D:5      | Found a shimmering altar of Xom.
  5759 | D:5      | Found a shimmering altar of Xom.
  5810 | D:5      | Found a shimmering altar of Xom.
  5810 | D:5      | Found a shimmering altar of Xom.
  5835 | D:5      | You fall into a shaft and drop 2 floors!
  6041 | D:6      | Reached skill level 1 in Fighting
  6041 | D:6      | Reached skill level 5 in Spellcasting
  6090 | D:6      | Gained mutation: You have hooves in place of feet. [demonic
                  | ancestry]
  6090 | D:6      | Reached XP level 8. HP: 34/54 MP: 7/15
  6339 | D:6      | Noticed Blork the orc
  6347 | D:6      | Killed Blork the orc
  6685 | D:6      | Paralysed by something for 5 turns
  6697 | D:6      | Gained mutation: Your spells are a little harder to cast,
                  | but a little more powerful. [potion of mutation]
  6697 | D:6      | Gained mutation: You are frail. (-10% HP) [potion of
                  | mutation]
  6697 | D:6      | Gained mutation: You have an increased reservoir of magic.
                  | (+10% MP) [potion of mutation]
  7071 | D:5      | Reached skill level 5 in Conjurations
  7166 | D:5      | Reached skill level 6 in Spellcasting
  7338 | D:5      | Learned a level 4 spell: Flame Wave
  7562 | D:5      | Noticed Menkaure
  7567 | D:5      | Killed Menkaure
  7832 | D:5      | Found a shimmering altar of Xom.
  7833 | D:5      | Found a shimmering altar of Xom.
  7835 | D:5      | Found a shimmering altar of Xom.
  7837 | D:5      | Found a shimmering altar of Xom.
  7837 | D:5      | Found a shimmering altar of Xom.
  7837 | D:5      | Found a shimmering altar of Xom.
  7837 | D:5      | Found a shimmering altar of Xom.
  7837 | D:5      | Found a shimmering altar of Xom.
  7886 | D:5      | Identified the amulet of Day {Reflect rC+ SH+5}
  8464 | D:6      | Reached XP level 9. HP: 29/55 MP: 17/20
  9954 | D:7      | Reached skill level 7 in Spellcasting
 10016 | D:7      | Found a staircase to the Ecumenical Temple.
 10486 | D:7      | Found a stormy altar of Qazlal.
 10627 | Temple   | Entered the Ecumenical Temple
 10726 | Temple   | Became a worshipper of Sif Muna the Loreminder
 11032 | D:8      | Found an ancient bone altar of Kikubaaqudgha.
 11192 | D:8      | Found an opulent altar of Gozag.
 11318 | D:8      | Found an iron altar of Okawaru.
 11396 | D:8      | Found a staircase to the Lair.
 11396 | D:8      | Noticed a death yak
 11774 | D:8      | Killed a death yak
 11775 | D:8      | Reached XP level 10. HP: 20/65 MP: 8/24
 12020 | D:8      | Noticed an elephant
 12034 | D:8      | Killed an elephant
 12035 | D:8      | Reached skill level 8 in Spellcasting
 12225 | D:8      | Found a blossoming altar of Fedhas.
 12317 | D:8      | Found a snail-covered altar of Cheibriados.
 12446 | D:9      | Learned a level 4 spell: Airstrike
 12499 | D:9      | Noticed Grum
 12637 | D:9      | Killed Grum
 12701 | D:9      | Noticed Harold
 12778 | D:9      | Reached skill level 1 in Air Magic
 13535 | D:9      | Killed Harold
 14170 | D:10     | Entered Level 10 of the Dungeon
 14270 | D:9      | Reached skill level 9 in Spellcasting
 14663 | D:10     | Found Siusauku's Jewellery Shop.
 14668 | D:10     | Found Ysmaguj's Antique Weapon Shop.
 14843 | D:10     | Reached * piety under Sif Muna
 15045 | D:10     | Gained mutation: You are mostly covered in yellow scales.
                  | (AC +3) [demonic ancestry]
 15045 | D:10     | Reached XP level 11. HP: 50/70 MP: 17/26
 15566 | D:10     | Found a runed translucent door.
 15566 | D:10     | Noticed Gabide's ghost (novice DgVM)
 15714 | D:10     | Found Eskorr's Distillery.
 15718 | D:10     | Bought a potion of curing for 30 gold pieces
 16215 | D:10     | Killed Gabide's ghost
 16216 | D:10     | Reached skill level 10 in Fire Magic
 16373 | D:11     | Reached skill level 10 in Spellcasting
 16504 | D:11     | Identified the +0 robe of Xoahyiz {Fly rF+ Int-5 SInv}
 17342 | D:11     | Noticed Urug
 17384 | D:11     | Reached ** piety under Sif Muna
 17715 | D:11     | Noticed Erolcha
 17727 | D:11     | Killed Erolcha
 17962 | D:11     | Noticed a green ugly thing
 18057 | D:11     | Killed a green ugly thing
 18058 | D:11     | Reached skill level 1 in Shields
 18414 | D:12     | Noticed Rupert
 18425 | D:12     | Found a staircase to the Orcish Mines.
 18433 | D:12     | Noticed a sun demon
 18699 | D:12     | Found a frozen archway.
 18699 | D:12     | Noticed a brown ugly thing
 18700 | D:12     | Noticed a skeletal warrior
 18700 | D:12     | Noticed a skeletal warrior
 18700 | D:12     | Noticed a skeletal warrior
 18700 | D:12     | Noticed a skeletal warrior
 18700 | D:12     | Noticed a skeletal warrior
 18725 | D:11     | HP: 3/70 [skeletal warrior/+0 short sword[a skeletal
                  | warrior] (19)]
 18726 | D:11     | Killed a skeletal warrior
 19134 | Lair:1   | Entered Level 1 of the Lair of Beasts
 19777 | Lair:1   | Found a runed translucent door.
 19777 | Lair:1   | Noticed Kautumes's ghost (journeyman GrBe)
 20224 | Lair:1   | Learned a level 4 spell: Summon Lightning Spire
 20235 | Lair:2   | Noticed Gastronok
 20247 | Lair:2   | Killed Gastronok
 20248 | Lair:2   | Reached skill level 5 in Fighting
 20248 | Lair:2   | Reached skill level 11 in Spellcasting
 20248 | Lair:2   | Reached skill level 1 in Summonings
 20365 | Lair:2   | Noticed a four-headed hydra
 20380 | Lair:2   | Killed a four-headed hydra
 20494 | Lair:2   | Gained mutation: You are mostly covered in sharp spines.
                  | [demonic ancestry]
 20494 | Lair:2   | Reached XP level 12. HP: 77/77 MP: 19/29
 20691 | Lair:2   | Noticed a death yak
 20707 | Lair:2   | Killed a death yak
 20708 | Lair:2   | Reached skill level 5 in Air Magic
 20878 | Lair:2   | Noticed a six-headed hydra
 21128 | Lair:2   | Killed a six-headed hydra
 21159 | Lair:2   | Noticed an eight-headed hydra
 21171 | Lair:2   | Killed an eight-headed hydra
 21265 | Lair:2   | Noticed a catoblepas
 21283 | Lair:2   | Killed a catoblepas
 21458 | Lair:2   | Noticed a catoblepas
 21466 | Lair:2   | Killed a catoblepas
 22127 | Lair:3   | Reached skill level 1 in Armour
 22437 | Lair:3   | Noticed a five-headed hydra
 22445 | Lair:3   | Killed a five-headed hydra
 22602 | Lair:3   | Noticed an eight-headed hydra
 22634 | Lair:3   | Killed an eight-headed hydra
 22921 | Lair:3   | Found a staircase to the Snake Pit.
 23555 | Lair:3   | Reached skill level 5 in Summonings
 23588 | Lair:3   | Reached XP level 13. HP: 77/83 MP: 23/31
 23779 | Lair:3   | Found a staircase to the Shoals.
 23949 | Lair:3   | Learned a level 3 spell: Swiftness
 24007 | Lair:4   | Reached skill level 12 in Spellcasting
 24014 | Lair:4   | Reached *** piety under Sif Muna
 25003 | Lair:5   | You are sucked into a shaft and drop 1 floor!
 25003 | Lair:6   | Entered Level 6 of the Lair of Beasts
 25014 | Lair:5   | Reached skill level 5 in Armour
 25843 | Lair:5   | Found a staircase to the Slime Pits.
 26053 | Lair:5   | Noticed Kirke
 26070 | Lair:5   | Killed Kirke
 28892 | Lair:5   | Reached skill level 13 in Spellcasting
 29017 | Lair:6   | Reached XP level 14. HP: 67/90 MP: 20/34
 29613 | Lair:6   | Reached **** piety under Sif Muna
 30423 | Lair:6   | Found a large runed translucent door.
 30423 | Lair:6   | Found a large runed translucent door.
 32640 | Lair:6   | Learned a level 5 spell: Lightning Bolt
 32887 | D:12     | Found an opulent altar of Gozag.
 32953 | D:11     | Reached skill level 10 in Air Magic
 33234 | D:12     | Noticed Frances
 33262 | D:12     | Killed from afar by a soul eater

Illustrated notes

Levels and vault maps discovered:
D:1:      dpeg_arrival_shelter, layout_loops_corners, wad_floor_pattern_1
D:2:      layout_basic, minmay_misc_feat_x, minmay_tromino_i2
D:3:      layout_basic, mainiacjoe_overflow_six_doors_small,
          shapermc_ecumenical_altar_gd, supply_closet_lemuel
D:4:      cheibrodos_quashed, layout_basic, lemuel_crystal_altar,
          vehumet_altar_wand_db, lemuel_doored_altar
D:5:      layout_layer_cave, xom_redecorated,
          nicolae_wu_jian_immortal_techniques, nicolae_overflow_crystal_walls,
          kennysheep_decorative_pillar, kennysheep_generic_room_15,
          uniq_menkaure, uniq_ijyb
D:6:      layout_layer_cave, serial_bayou_lagoon_b, uniq_blork_the_orc
D:7:      layout_layer_cave, marbit_many_paths, minmay_temple_entry_slanted,
          serial_glass, glass_columns_a, glass_columns_a, lemuel_old_faithful
D:8:      layout_cave_pods, cheibriados_altar_1, fedhas_altar_4,
          mainiacjoe_overflow_boulevard, okawaru_trees_2, tgw_kikubaaqudgha,
          david_lair_generic
D:9:      layout_roguey, serial_curves, eino_curves_04, eino_curves_02,
          uniq_grum, uniq_harold
D:10:     layout_basic, special_room [special_room_bee], gammafunk_ghost_grave,
          serial_corexii_hall, chequers_hall_statues_wall_a,
          corexii_hall_statues_s, serial_shops, shop, shop,
          nicolae_shop_window_shopping, chequers_garden
D:11:     layout_basic, uniq_erolcha, uniq_urug
D:12:     layout_roguey, david_orc_2, serial_shops, kennysheep_mini,
          portal_ice_cave_entry_pillars_1, grunt_gozag_statues, uniq_rupert,
          uniq_frances
Temple:   dpeg_three_leaves_temple
Lair:1:   layout_regular_city, gammafunk_ghost_grave,
          eino_small_chamber_without_monster, lemuel_fruit_tree
Lair:2:   layout_long_grid, serial_bayou, serial_bayou_shore_b,
          serial_bayou_crossing, serial_bayou_pond_c, serial_bayou_shore_b,
          minmay_lair_oklob_items, grunt_megastairs_4, uniq_gastronok
Lair:3:   layout_loops_ring, minmay_shoals_entry_lonely_mermaid,
          guppyfry_snake_entry_island, lemuel_fruit_fields
Lair:4:   layout_loops_ring, infiniplex_staircase_pool_2, grunt_megastairs_1,
          serial_bayou_shore_b
Lair:5:   layout_loops_ring, dpeg_slime_entry_corner, basic_altar, uniq_kirke
Lair:6:   cheibrodos_lair_end_hotspot, layout_regular_city,
          nicolae_lair_grazing_beasts [nicolae_sub_lair_graze_edge,
          nicolae_sub_lair_graze_edge, nicolae_sub_lair_graze_edge,
          nicolae_sub_lair_graze_edge]

Skill      XL: |  1  2  3  4  5  6  7  8  9 10 11 12 13 14 |
---------------+-------------------------------------------+-----
Fire Magic     | 3 4 5 6 7 8 9 10 | 10.8
Spellcasting   | 3 4 5 6 7 9 11 13 | 13.9
Conjurations   | 2 3 4 5 6 7 |  7.2
Fighting       | 1 2 4 5 6 |  6.0
Air Magic      | 2 4 6 8 10 | 10.0
Shields        | 1 3 4 |  4.0
Dodging        | 2 4 |  4.0
Summonings     | 1 5 7 9 |  9.5
Armour         | 4 5 |  5.0
Stealth        | |  1.7
Unarmed Combat | |  0.1
Evocations     | |  0.9

Action                   |  1- 3 |  4- 6 |  7- 9 | 10-12 | 13-15 || total
-------------------------+-------+-------+-------+-------+-------++-------
Melee: Unarmed           |       |     8 |       |       |       ||     8
       Kick              |       |     2 |     2 |    59 |    54 ||   117
       Punch             |       |     1 |       |       |       ||     1
       Halberd           |       |       |     6 |    99 |    49 ||   154
       Demon whip        |       |       |       |       |    61 ||    61
 Cast: Foxfire           |    51 |    88 |   179 |   110 |   111 ||   539
       Scorch            |     4 |    11 |    25 |   216 |    70 ||   326
       Flame Wave        |       |       |     3 |     8 |    12 ||    23
       Summon Lightning  |       |       |       |    30 |    90 ||   120
       Airstrike         |       |       |       |     2 |    24 ||    26
       Swiftness         |       |       |       |       |     2 ||     2
Evoke: Wand              |       |       |       |    13 |     1 ||    14
  Use: Scroll            |       |     4 |     3 |    13 |     7 ||    27
       Potion            |       |       |     2 |     1 |     1 ||     4
 Stab: Sleeping          |       |     1 |       |     1 |       ||     2
       Distracted        |       |       |       |     2 |     2 ||     4
Armor: Robe              |     4 |    10 |    31 |    53 |       ||    98
       Leather armour    |       |       |       |    13 |   102 ||   115
Dodge: Dodged            |    15 |    38 |    72 |   143 |   147 ||   415
Block: Other             |       |       |       |    45 |    25 ||    70
       Orb               |       |       |       |     4 |     1 ||     5
       Buckler           |       |       |       |       |    91 ||    91
       Reflection        |       |       |       |       |     3 ||     3
